 Dungeon Crawl Stone Soup version 0.29.1 (webtiles) character file.

Game seed: 1754969752824134047

195178 Icepheonix32 the Shatterer (level 17, -4/210 HPs)
             Began as a Minotaur Fighter on Sept 14, 2022.
             Was the Champion of Hepliaklqana.
             Killed by an exploding black mamba (5 damage)
             ... ignited by their inner flame
             ... on level 2 of the Snake Pit.
             The game lasted 01:12:03 (30948 turns).

Icepheonix32 the Shatterer (Minotaur Fighter)      Turns: 30948, Time: 01:12:03

Health: -4/210     AC: 48    Str: 34    XL:     17   Next: 70%
Magic:  21/21      EV: 10    Int:  7    God:    Hepliaklqana [******]
Gold:   2268       SH:  4    Dex: 15    Spells: 16/16 levels left

rFire   + + +      SeeInvis +   Z - +7 great mace "Firestarter" {inner flame, rF++}
rCold   + . .      Faith    .   (shield currently unavailable)
rNeg    + + +      Spirit   .   e - +15 Maxwell's patent armour {-Cast -Tele rElec Will+ rCorr}
rPois   +          Reflect  .   R - +0 hat of Qecrak {Str-4 Int+3 Slay+6}
rElec   +          Harm     .   g - +3 cloak of the Stone Wall {Will+ Dex+2 SInv}
rCorr   +          Rampage  .   b - +2 pair of gloves {Dex+3}
Will    +++..      NoTele   +   V - +2 pair of boots
Stlth   .......... NoCast   +   (no amulet)
HPRegen 0.00/turn               J - ring of Bueheklu {rPois rC+ rN+++ Str+6 Slay-3}
MPRegen 0.17/turn               D - ring of protection from fire

@: mighty, berserking (expiring), lethally poisoned (-4 -> -6), weakened,
inhibited regen, hasted, studying 2 skills, very quick
A: reduced essence, horns 2, retaliatory headbutt, iridescent scales 1, large
bone plates 1, low MP 1, poison resistance, inhibited regeneration, strong 1
}: 1/15 runes: decaying
a: Renounce Religion, Recall Ancestor, Ancestor Identity, Transference, Idealise


You were on level 2 of the Snake Pit.
You worshipped Hepliaklqana.
Hepliaklqana was exalted by your worship.
You visited 6 branches of the dungeon, and saw 29 of its levels.
You also visited: Sewer, Bailey, Gauntlet and Ice Cave.

You collected 3083 gold pieces.
You spent 815 gold pieces at shops.

Inventory:

Hand Weapons
 a - a +4 war axe of draining
 A - a +9 war axe of distortion
 Z - the +7 great mace "Firestarter" (weapon) {inner flame, rF++}
   (You found it on level 10 of the Dungeon)

   It burns those it strikes, dealing additional fire damage.
   It fills those it strikes with an explosive inner flame.
   It grants immunity to clouds of flame.
   rF:        It greatly protects you from fire.
Missiles
 j - 9 curare-tipped darts (quivered)
 C - 4 javelins
 O - a throwing net
 S - 2 silver javelins
Armour
 b - a +2 pair of gloves of dexterity (worn)
 e - the +15 Maxwell's patent armour (worn) {-Cast -Tele rElec Will+ rCorr}
   (You acquired it on level 4 of the Dungeon)

   rElec:     It insulates you from electricity.
   -Cast:     It prevents spellcasting.
   -Tele:     It prevents most forms of teleportation.
   rCorr:     It protects you from acid and corrosion.
   Will:      It increases your willpower.
 g - the +3 cloak of the Stone Wall (worn) {Will+ Dex+2 SInv}
   (You acquired it in a sewer)

   Dex:       It affects your dexterity (+2).
   SInv:      It lets you see invisible.
   Will:      It increases your willpower.
 R - the +0 hat of Qecrak (worn) {Str-4 Int+3 Slay+6}
   (You found it in a Gauntlet)

   Str:       It affects your strength (-4).
   Int:       It affects your intelligence (+3).
   Slay:      It affects your accuracy & damage with ranged weapons and melee
   (+6).
 V - a +2 pair of boots (worn)
Jewellery
 D - a ring of protection from fire (right hand)
 J - the ring of Bueheklu (left hand) {rPois rC+ rN+++ Str+6 Slay-3}
   (You found it in an ice cave)

   [ring of protection from cold]

   Str:       It affects your strength (+6).
   Slay:      It affects your accuracy & damage with ranged weapons and melee
   (-3).
   rC:        It protects you from cold.
   rPois:     It protects you from poison.
   rN:        It renders you almost immune to negative energy.
 L - a ring of protection from cold
Wands
 i - a wand of light (8)
 l - a wand of paralysis (31)
 m - a wand of mindburst (11)
 v - a wand of digging (4)
 y - a wand of iceblast (14)
 Y - a wand of polymorph (12)
Scrolls
 c - 2 scrolls of immolation
 k - 5 scrolls of summoning
 o - a scroll of enchant armour
 r - 4 scrolls of fear
 u - 11 scrolls of teleportation
 E - 6 scrolls of poison
 F - 6 scrolls of amnesia
 I - a scroll of torment
 K - 5 scrolls of fog
 P - 4 scrolls of magic mapping
 Q - 15 scrolls of identify
 U - 2 scrolls of silence
 W - 5 scrolls of blinking
Potions
 d - 3 potions of heal wounds
 h - 9 potions of curing
 n - 6 potions of haste
 p - 3 potions of magic
 q - 2 potions of cancellation
 s - 5 potions of resistance
 t - 5 potions of invisibility
 w - 4 potions of flight
 x - 4 potions of attraction
 z - 10 potions of lignification
 B - 6 potions of might
 G - 2 potions of berserk rage
 T - a potion of brilliance
 X - 7 potions of ambrosia
Miscellaneous
 f - a condenser vane
 H - a lightning rod (4/4)
 M - a phantom mirror
 N - a box of beasts


   Skills:
 + Level 15.2 Fighting
 + Level 17.2(21.8) Axes
 * Level 21.9(24.0) Maces & Flails
 + Level 2.6 Throwing
 + Level 19.8 Armour
 + Level 2.6 Dodging
 + Level 3.6 Stealth
 + Level 9.2 Shields
 + Level 10.9 Invocations
 + Level 1.3 Evocations


You had 16 spell levels left.
You didn't know any spells.
Your spell library contained the following spells:

 Spells                   Type           Power      Damage    Failure   Level
 Freeze                   Ice            0%         1d3       86%         1
 Sandblast                Erth           0%         2d4       86%         1
 Summon Small Mammal      Summ           0%         N/A       86%         1
 Passwall                 Tmut/Erth      0%         N/A       94%         2
 Call Canine Familiar     Summ           0%         N/A       99%         3
 Confusing Touch          Hex            0%         N/A       99%         3
 Dazzling Flash           Conj/Hex       0%         N/A       99%         3
 Ozocubu's Armour         Ice            0%         N/A       99%         3
 Stone Arrow              Conj/Erth      0%         3d7       99%         3
 Summon Guardian Golem    Hex/Summ       0%         N/A       99%         3
 Fulminant Prism          Conj/Hex       0%         3d6       100%        4
 Hailstorm                Conj/Ice       0%         3d3       100%        4
 Iskenderun's Mystic Bla  Conj/Tloc      0%         2d3       100%        4
 Leda's Liquefaction      Hex/Erth       0%         N/A       100%        4
 Summon Lightning Spire   Summ/Air       0%         N/A       100%        4
 Agony                    Necr           0%         N/A       100%        5
 Fireball                 Conj/Fire      0%         3d3       100%        5
 Iskenderun's Battlesphe  Conj           0%         2d6       100%        5
 Lee's Rapid Deconstruct  Erth           0%         3d5*      100%        5
 Silence                  Hex/Air        0%         N/A       100%        5
 Yara's Violent Unravell  Hex/Tmut       0%         3d3       100%        5
 Conjure Ball Lightning   Conj/Air       0%         3x3d6     100%        6
 Iron Shot                Conj/Erth      0%         9d1       100%        6
 Starburst                Conj/Fire      0%         6d3       100%        6
 Enfeeble                 Hex            0%         N/A       100%        7
 Orb of Destruction       Conj           0%         9d5       100%        7
 Spellforged Servitor     Conj/Summ      0%         N/A       100%        7
 Storm Form               Tmut/Air       0%         N/A       100%        7
 Ignition                 Fire           0%         3d3       100%        8
 Maxwell's Capacitive Co  Air            0%         ∞         100%        8
 Shatter                  Erth           0%         3d5*      100%        9


Dungeon Overview and Level Annotations

Branches:
Dungeon (15/15)            Temple (1/1) D:6            Lair (5/5) D:9
  Swamp (4/4) Lair:3        Snake (2/4) Lair:3        Slime (0/5) Lair:4
    Orc (2/2) D:9             Elf (0/3) Orc:2        Vaults (0/5) D:14
 Depths (0/4) D:15          Sewer (visited)          Bailey (visited)
  IceCv (visited)         Gauntlet (visited)

Altars:
Ashenzari
Cheibriados
Dithmenos
Elyvilon
Fedhas
Gozag
Hepliaklqana
Kikubaaqudgha
Makhleb
Nemelex Xobeh
Okawaru
Qazlal
Ru
Sif Muna
Trog
Uskayaw
Vehumet
Wu Jian
Xom
Yredelemnul
Zin
The Shining One
Jiyva

Shops:
D:9 !   D:13 *   Orc:1 !   Orc:2 ::=?*   Snake:1 *


Innate Abilities, Weirdness & Mutations

Your life essence is reduced to manifest your ancestor. (-10% HP)
You have a pair of horns on your head.
You reflexively headbutt those who attack you in melee.
You are partially covered in iridescent scales. (AC +2)
You are partially covered in large bone plates. (SH +4)
Your magical capacity is low. (-10% MP)
Your system is resistant to poisons. (rPois)
You do not regenerate when monsters are visible.
Your muscles are strong. (Str +4, Int/Dex -1)


Message History

It stops flaming.
The salamander hits you.
* * * LOW HITPOINT WARNING * * *
You are engulfed in flames.
You resist.
* * * LOW HITPOINT WARNING * * *
You sock the salamander!
The salamander is filled with an inner flame.
The salamander is severely wounded.
The black mamba is engulfed in blazing flames.
The salamander barely misses you.
The salamander hits you but does no damage.
Unknown command.
You pound the salamander like an anvil!!!
The salamander explodes!
The fiery explosion engulfs you. You resist.
* * * LOW HITPOINT WARNING * * *
x2 You feel sick.
The black mamba is engulfed in blazing flames.
The salamander hits you but does no damage.
The salamander shoots an arrow.
The arrow hits you but does no damage.
You are too berserk!
Unknown command.
You are too berserk!
You are too berserk!
Unknown command.
You are too berserk!
Unknown command.
You thump the black mamba! You burn the black mamba.
The black mamba is filled with an inner flame.
The black mamba is heavily wounded.
You block the salamander's attack.
The black mamba is engulfed in blazing flames.
Flame seeps out of the black mamba.
The black mamba closely misses you. You furiously retaliate!
You headbutt the black mamba, but do no damage.
The salamander barely misses you.
You hammer the black mamba like a gong!!!
You burn the black mamba.
The black mamba explodes!
The fiery explosion engulfs you. You resist.
You die...

#.....#............## ..
#......##...........# .#
#.......#...........###.#
#......#..............N#
#.......#.........NN.N##
#...............§§○NN##
#........##...§§§°§#.# #
#........##...§§°N##...#
#.......#####.§@§NN.###N.
##.....# ####.N..# ##
###... ####.# ##.# .# #.
.. #.#


You could see a naga sharpshooter, 3 salamanders, a naga ritualist, a naga mage
(fast) and 4 nagas.

Vanquished Creatures
  Nikola (Swamp:4)
  Jorgrun (D:13)
  Frances (D:12)
  Kirke (D:13)
  The ghost of turdburglar the Warrior, a journeyman MiFi of Okawaru (Swamp:2)
  An azure jelly (IceCv)
  A fenstrider witch (Swamp:2)
  Aizul (Swamp:2)
  A stone giant (D:15)
  An eleionoma (Swamp:2)
  A minotaur (Gauntlet)
  6 bunyips
  A fire dragon (D:15)
  2 vault guards (D:14)
  A salamander tyrant (Snake:2)
  Erolcha (D:13)
  A catoblepas (Lair:3)
  3 ghost crabs
  4 ogre magi (Orc:2)
  3 boulder beetles (D:13)
  13 hydras
  6 centaur warriors
  3 naga warriors (Snake:1)
  3 anacondas
  Erica (Orc:1)
  12 alligators
  3 tengu warriors (D:15)
  A death yak (Lair:3)
  13 two-headed ogres
  A spriggan berserker (Swamp:2)
  A shock serpent (Snake:1)
  10 spriggans
  3 salamander mystics (Snake:2)
  5 skeletal warriors (D:15)
  2 goliath frogs (Swamp:2)
  A deep troll (D:15)
  10 swamp dragons
  4 spriggan druids
  A naga ritualist (Snake:1)
  Pikel (D:9)
  A bog body (Swamp:1)
  A wizard (D:14)
  An obsidian statue (Gauntlet)
  2 necromancers (D:14)
  5 orc knights
  2 orc sorcerers
  2 mana vipers
  3 deep elf pyromancers
  10 ugly things
  4 salamanders (Snake:2)
  A spectral spriggan (Swamp:2)
  2 will-o-the-wisps
  7 cyclopes
  2 molten gargoyles (Lair:5)
  A torpor snail (Lair:4)
  A naga mage (Snake:2)
  A smoke demon (D:10)
  6 black mambas
  A gargoyle (D:13)
  5 cane toads
  Maurice (D:12)
  6 komodo dragons
  A yaktaur (D:15)
  6 rime drakes
  Maggie (D:6)
  A kobold demonologist (D:12)
  3 efreet (D:15)
  A komodo dragon (shapeshifter) (D:15)
  A bunyip simulacrum (Swamp:2)
  A tengu conjurer (D:15)
  7 trolls
  A polar bear (Lair:5)
  A spectral death drake (Swamp:2)
  13 tyrant leeches
  9 hornets
  7 blink frogs
  Grinder (D:4)
  30 slime creatures
  8 dream sheep (Lair:4)
  2 centaur simulacra (Gauntlet)
  Sigmund (D:3)
  5 wyverns
  2 wraiths
  39 yaks
  A fire elemental (D:10)
  15 humans
  Eustachio (D:5)
  3 fire bats (D:10)
  A hog (D:13)
  3 neqoxecs (D:13)
  3 basilisks
  2 steam dragons
  A spriggan simulacrum (Swamp:2)
  3 wargs
  3 nagas
  8 swamp worms
  18 vampire mosquitoes
  2 acid dragons
  2 hell hounds (Lair:5)
  12 water moccasins
  27 orc warriors
  2 ice beasts
  2 black bears
  39 ogres
  2 great orb of eyes simulacra (IceCv)
  A sky beast (D:7)
  19 wolves
  A lemure (D:9)
  A slime creature simulacrum (IceCv)
  6 centaurs
  A phantom (D:4)
  6 kobold brigands
  8 bullfrogs
  4 gnoll sergeants
  Blork the orc (D:5)
  A necrophage (D:7)
  4 glowing shapeshifter simulacra (IceCv)
  A scorpion (D:5)
  13 wights
  15 killer bees
  3 electric eels (Lair:1)
  4 howler monkeys
  4 lava snakes (Lair:5)
  A wyvern simulacrum (Gauntlet)
  13 orc priests
  2 quasits (D:13)
  Crazy Yiuf (D:5)
  A hound (D:6)
  A jelly (Gauntlet)
  Jessica (D:3)
  4 gnoll boudas
  2 iguanas (Lair:3)
  19 orc wizards
  A shapeshifter simulacrum (IceCv)
  2 boggart simulacra (Gauntlet)
  29 gnolls
  9 adders
  A river rat (Sewer)
  A white imp (D:6)
  An ufetubus (D:4)
  4 dart slugs
  2 worms
  99 orcs
  4 bats
  8 endoplasms
  7 giant cockroaches
  14 goblins
  9 hobgoblins
  3 jackals (D:2)
  26 kobolds
  4 quokkas
  8 ball pythons
  8 frilled lizards
  7 rats
868 creatures vanquished.

Vanquished Creatures (collateral kills)
  Bai Suzhen (Swamp:4)
  Louise (D:14)
  A fire dragon (Lair:5)
  A boulder beetle (D:14)
  The ghost of Xuta the Peltast, a journeyman FoFi of Okawaru (D:13)
  A hydra (Swamp:4)
  2 two-headed ogres (Orc:2)
  3 alligators
  A catoblepas (D:14)
  3 death yaks (Lair:3)
  A tengu warrior (D:15)
  An orc high priest (Orc:2)
  Sonja (Lair:1)
  Lodul (D:13)
  A spriggan druid (Swamp:1)
  A swamp dragon (Swamp:1)
  An orc knight (Bailey)
  A bog body (Swamp:1)
  A necromancer (D:14)
  2 deep elf pyromancers
  A will-o-the-wisp (Swamp:4)
  2 ugly things
  A salamander (Snake:1)
  A guardian serpent (Snake:1)
  2 black mambas (Lair:5)
  A naga mage (Snake:1)
  5 cane toads
  A molten gargoyle (Lair:5)
  3 komodo dragons
  A bloated husk (Swamp:1)
  7 tyrant leeches
  A hornet (Swamp:1)
  3 blink frogs (Lair:2)
  11 slime creatures
  3 dream sheep (Lair:4)
  A vampire (D:11)
  A wyvern (Lair:4)
  10 yaks
  4 humans (D:14)
  4 basilisks
  A steam dragon (D:9)
  A neqoxec (D:13)
  4 vampire mosquitoes (Swamp:1)
  A warg (Orc:2)
  8 swamp worms
  An acid dragon (D:12)
  2 hell hounds (Lair:5)
  3 water moccasins
  6 orc warriors
  3 swamp drakes (Swamp:4)
  6 ogres
  4 wolves
  4 centaurs (D:12)
  A lemure (D:9)
  A slime creature simulacrum (IceCv)
  2 kobold brigands (D:11)
  2 bullfrogs
  A gnoll sergeant (D:10)
  2 glowing shapeshifter simulacra (IceCv)
  A wight (D:9)
  2 killer bees
  A howler monkey (D:11)
  2 jellies (Gauntlet)
  2 orc priests
  12 orc wizards
  A shapeshifter simulacrum (IceCv)
  4 gnolls
  27 orcs
  A hobgoblin (D:9)
  6 kobolds
  A goblin (D:9)
202 creatures vanquished.

Vanquished Creatures (others)
  A spriggan druid (Swamp:4)
  A swamp dragon (Swamp:4)
  A mana viper (Snake:2)
  A black mamba (Snake:2)
  2 humans (D:13)
  A swamp drake (Swamp:4)
  15 battlemagi
  36 demonic plants (Gauntlet)
  8 fungi
  12 plants
78 creatures vanquished.

Grand Total: 1148 creatures vanquished

Notes
Turn   | Place    | Note
-------+----------+-------------------------------------------
     0 | D:1      | Icepheonix32 the Minotaur Fighter began the quest for the
                  | Orb.
     0 | D:1      | Reached XP level 1. HP: 19/19 MP: 0/0
   145 | D:1      | Reached XP level 2. HP: 27/27 MP: 1/1
   748 | D:1      | Found a faded altar of an unknown god.
   821 | D:1      | Reached XP level 3. HP: 34/34 MP: 2/2
   944 | D:2      | Noticed an ogre
   949 | D:2      | Killed an ogre
   950 | D:2      | Reached XP level 4. HP: 24/41 MP: 3/3
  1195 | D:2      | Noticed a black bear
  1197 | D:2      | Reached skill level 5 in Fighting
  1213 | D:2      | Killed a black bear
  1214 | D:2      | Reached XP level 5. HP: 22/48 MP: 4/4
  1674 | D:3      | Found a hide-covered altar of Uskayaw.
  2020 | D:3      | Found a shimmering blue altar of Sif Muna.
  2099 | D:3      | Noticed Sigmund
  2437 | D:3      | Reached XP level 6. HP: 55/56 MP: 5/5
  2456 | D:3      | Noticed Jessica
  2463 | D:3      | Killed Jessica
  2464 | D:3      | Reached skill level 5 in Armour
  2940 | D:4      | Identified a scroll of acquirement
  2941 | D:4      | Acquired the +15 Maxwell's patent armour {-Cast -Tele rElec
                  | Will+ rCorr}
  2941 | D:4      | Found the +15 Maxwell's patent armour {-Cast -Tele rElec
                  | Will+ rCorr}
  2962 | D:4      | Found a glowing drain.
  2979 | Sewer    | Entered a sewer
  3000 | Sewer    | Reached skill level 5 in Axes
  3650 | Sewer    | Reached XP level 7. HP: 51/61 MP: 6/6
  3674 | Sewer    | Acquired the +3 cloak of the Stone Wall {Will+ Dex+2 SInv}
  3759 | D:4      | Found a white marble altar of Elyvilon.
  3781 | D:4      | Noticed Grinder
  3797 | D:4      | Killed Grinder
  4233 | D:5      | Entered Level 5 of the Dungeon
  4412 | D:5      | HP: 1/61 [ogre/+0 giant club (20)]
  4417 | D:5      | Reached XP level 8. HP: 33/69 MP: 7/7
  4600 | D:5      | Noticed Blork the orc
  4612 | D:5      | Killed Blork the orc
  4747 | D:5      | Reached skill level 10 in Armour
  4895 | D:5      | Noticed Eustachio
  4939 | D:5      | Killed Eustachio
  4947 | D:5      | Acquired a +2 war axe of distortion
  5120 | D:5      | Found a runed translucent door.
  5121 | D:5      | Noticed Crazy Yiuf
  5214 | D:5      | Killed Crazy Yiuf
  5461 | D:6      | Reached XP level 9. HP: 50/74 MP: 8/8
  5648 | D:6      | Found a staircase to the Ecumenical Temple.
  5672 | Temple   | Entered the Ecumenical Temple
  5901 | Temple   | Became a worshipper of Hepliaklqana the Forgotten
  5923 | D:6      | Noticed Maggie
  5929 | D:6      | Killed Maggie
  6535 | D:6      | Found a glowing golden altar of the Shining One.
  6571 | D:7      | Noticed a troll
  6583 | D:7      | Killed a troll
  6640 | D:7      | Found a flagged portal.
  6656 | Bailey   | Entered a bailey
  6685 | Bailey   | Reached * piety under Hepliaklqana
  6697 | Bailey   | Reached skill level 15 in Armour
  6977 | Bailey   | Noticed an orc knight
  6980 | Bailey   | Reached XP level 10. HP: 72/72 MP: 9/9
  6987 | Bailey   | Banished an orc knight
  6993 | Bailey   | Noticed an orc knight
  7013 | Bailey   | Killed an orc knight
  7469 | D:7      | Found a bloodstained altar of Trog.
  7574 | D:7      | Found a stormy altar of Qazlal.
  8012 | D:8      | Found a shadowy altar of Dithmenos.
  8013 | D:8      | Found a basalt altar of Yredelemnul.
  8272 | D:8      | Reached ** piety under Hepliaklqana
  8273 | D:8      | Remembered your ancestor Appia as a battlemage
  8398 | D:8      | Found a burning altar of Makhleb.
  8398 | D:8      | Found a blossoming altar of Fedhas.
  8433 | D:8      | Noticed a two-headed ogre
  8435 | D:8      | Reached skill level 1 in Invocations
  8436 | D:8      | Banished a two-headed ogre
  8437 | D:8      | Reached skill level 5 in Shields
  8543 | D:8      | Found a radiant altar of Vehumet.
  8673 | D:8      | Found an iron altar of Okawaru.
  8777 | D:9      | Found Tagaami's Distillery.
  8787 | D:9      | Bought a potion of berserk rage for 70 gold pieces
  8787 | D:9      | Bought a potion of heal wounds for 70 gold pieces
  8787 | D:9      | Bought a potion of heal wounds for 70 gold pieces
  8787 | D:9      | Bought a potion of lignification for 42 gold pieces
  8807 | D:9      | Found a staircase to the Orcish Mines.
  8947 | D:9      | Found a staircase to the Lair.
  8950 | D:9      | Reached XP level 11. HP: 80/80 MP: 11/11
  9375 | D:9      | Noticed Pikel
  9383 | D:9      | Killed Pikel
  9813 | Lair:1   | Entered Level 1 of the Lair of Beasts
  9829 | Lair:1   | Reached skill level 10 in Axes
  9831 | Lair:1   | Reached skill level 1 in Dodging
  9925 | Lair:1   | Noticed Sonja
  9935 | Lair:1   | Killed Sonja
 10184 | Lair:1   | Reached *** piety under Hepliaklqana
 10451 | Lair:1   | Reached skill level 1 in Throwing
 10995 | Lair:1   | Gained mutation: Your body sometimes deteriorates upon
                  | taking damage. [potion of mutation]
 10996 | Lair:1   | Lost mutation: Your body sometimes deteriorates upon taking
                  | damage. [potion of mutation]
 10996 | Lair:1   | Gained mutation: You are resistant to electric shocks.
                  | (rElec) [potion of mutation]
 10996 | Lair:1   | Gained mutation: Armour fits poorly on your strangely
                  | shaped body. [potion of mutation]
 10996 | Lair:1   | Gained mutation: You have a somewhat thin skeletal
                  | structure. (Dex +2, Stealth+) [potion of mutation]
 10996 | Lair:1   | Gained mutation: Your muscles are strong. (Str +4, Int/Dex
                  | -1) [potion of mutation]
 10997 | Lair:1   | Lost mutation: Your muscles are strong. (Str +4, Int/Dex
                  | -1) [potion of mutation]
 10997 | Lair:1   | Lost mutation: Armour fits poorly on your strangely shaped
                  | body. [potion of mutation]
 10997 | Lair:1   | Gained mutation: You possess an exceptional clarity of
                  | mind. [potion of mutation]
 10997 | Lair:1   | Gained mutation: You are partially covered in iridescent
                  | scales. (AC +2) [potion of mutation]
 10997 | Lair:1   | Gained mutation: Your magical capacity is low. (-10% MP)
                  | [potion of mutation]
 10997 | Lair:1   | Gained mutation: Your system is resistant to poisons.
                  | (rPois) [potion of mutation]
 11060 | Lair:2   | Reached XP level 12. HP: 90/90 MP: 13/13
 11112 | Lair:2   | Reached skill level 5 in Invocations
 11997 | Lair:3   | Found a staircase to the Swamp.
 12014 | Lair:3   | Reached **** piety under Hepliaklqana
 12015 | Lair:3   | Found a staircase to the Snake Pit.
 12060 | Lair:3   | Found a frozen archway.
 12249 | Lair:3   | Reached skill level 1 in Stealth
 12302 | IceCv    | Entered an ice cave
 12411 | IceCv    | Identified the ring of Springtime {Fire *Corrode Int+5}
 12870 | IceCv    | Found a viscous altar of Jiyva.
 12870 | IceCv    | Noticed an azure jelly
 12876 | IceCv    | Killed an azure jelly
 12898 | IceCv    | Got Sif Muna's Codex of the Blizzard
 12902 | IceCv    | Got the ring of Bueheklu {rPois rC+ rN+++ Str+6 Slay-3}
 12909 | IceCv    | Got the ring of Bopre {Ice rCorr Dex+2 SInv}
 13134 | Lair:3   | Reached XP level 13. HP: 97/99 MP: 15/15
 13898 | Lair:4   | Reached skill level 10 in Fighting
 14308 | Lair:4   | Found a viscous altar of Jiyva.
 14309 | Lair:4   | Found a staircase to the Slime Pits.
 14326 | Lair:4   | Reached ***** piety under Hepliaklqana
 14339 | Lair:4   | Reached skill level 15 in Axes
 14599 | Lair:5   | Entered Level 5 of the Lair of Beasts
 15126 | Lair:5   | Reached XP level 14. HP: 82/109 MP: 17/17
 15267 | Lair:5   | Found a large runed translucent door.
 15268 | Lair:5   | Found a large runed translucent door.
 16178 | Orc:1    | Entered Level 1 of the Orcish Mines
 16502 | Orc:2    | Entered Level 2 of the Orcish Mines
 16502 | Orc:2    | Found a gate leading to a gauntlet.
 16502 | Orc:2    | Found a staircase to the Elven Halls.
 16516 | Gauntlet | Entered a Gauntlet
 16516 | Gauntlet | Found a transporter.
 16516 | Gauntlet | Found a transporter.
 16530 | Gauntlet | Found a transporter.
 16531 | Gauntlet | Found a transporter.
 16534 | Gauntlet | Found a transporter.
 16535 | Gauntlet | Found a transporter.
 16541 | Gauntlet | Found a runed translucent gate.
 16541 | Gauntlet | Found a transporter.
 16543 | Gauntlet | Found a runed translucent gate.
 16543 | Gauntlet | Found a transporter.
 16544 | Gauntlet | Found a runed translucent gate.
 16544 | Gauntlet | Found a transporter.
 16546 | Gauntlet | Found a transporter.
 16554 | Gauntlet | Found a transporter.
 16556 | Gauntlet | Found a transporter.
 16907 | Gauntlet | Identified the +0 hat of Qecrak {Str-4 Int+3 Slay+6}
 17158 | Orc:2    | Found Wihupar's Assorted Antiques.
 17179 | Orc:2    | Bought a pair of embroidered boots for 157 gold pieces
 17179 | Orc:2    | Bought a scroll labelled NACYCE BEPA for 21 gold pieces
 17312 | Orc:2    | Found Latoxi Hiept's Jewellery Emporium.
 17312 | Orc:2    | Found Hosemnu's Book Boutique.
 17312 | Orc:2    | Found Neis's Magic Scroll Shop.
 17312 | Orc:2    | Found Efrargh's Book Emporium.
 17420 | Orc:2    | Reached skill level 10 in Invocations
 17945 | Orc:2    | Bought a potion of berserk rage for 105 gold pieces
 18200 | Orc:1    | Found Veskubou's Distillery.
 18227 | Orc:1    | Noticed Erica
 18232 | Orc:1    | Killed Erica
 18243 | Orc:1    | Reached XP level 15. HP: 122/122 MP: 19/19
 18453 | D:10     | Entered Level 10 of the Dungeon
 18646 | D:10     | Found the +7 great mace "Firestarter" {inner flame, rF++}
 18869 | D:10     | Reached skill level 1 in Maces & Flails
 19033 | D:10     | Reached ****** piety under Hepliaklqana
 19189 | D:11     | Identified the +11 long sword of Uskayaw's Approval {speed,
                  | Stlth+}
 19342 | D:11     | Identified the +3 chain mail of Insatiable Hunger {Str+7}
 19536 | D:11     | Reached skill level 2 in Maces & Flails
 19800 | D:12     | Reached skill level 3 in Maces & Flails
 20028 | D:12     | Reached skill level 4 in Maces & Flails
 20334 | D:12     | Noticed Maurice
 20334 | D:12     | Noticed Frances
 20335 | D:12     | Identified the +7 quarterstaff of Qunie {pain, Int+4}
 20339 | D:12     | Killed Maurice
 20344 | D:12     | Killed Frances
 20345 | D:12     | Reached skill level 5 in Maces & Flails
 20656 | D:13     | Found a transporter.
 20660 | D:13     | Noticed Xuta's ghost (journeyman FoFi)
 20660 | D:13     | Noticed Kirke
 20666 | D:13     | Killed Kirke
 20667 | D:13     | Reached skill level 6 in Maces & Flails
 20704 | D:13     | Found a transporter.
 20871 | D:13     | Reached skill level 7 in Maces & Flails
 20878 | D:13     | Noticed Erolcha
 20881 | D:13     | Noticed Jorgrun
 20881 | D:13     | Killed Erolcha
 20895 | D:13     | Killed Jorgrun
 20896 | D:13     | Reached skill level 8 in Maces & Flails
 21348 | D:13     | Noticed Lodul
 21353 | D:13     | Killed Lodul
 21459 | D:13     | Found Ysmel's General Store.
 21468 | D:13     | Bought a +1 pair of gloves of dexterity for 280 gold pieces
 21608 | D:13     | Gained mutation: Your muscles are strong. (Str +4, Int/Dex
                  | -1) [a neqoxec]
 21609 | D:13     | Gained mutation: You do not regenerate when monsters are
                  | visible. [a neqoxec]
 21609 | D:13     | Lost mutation: You possess an exceptional clarity of mind.
                  | [a neqoxec]
 21613 | D:13     | Gained mutation: Your body sometimes deteriorates upon
                  | taking damage. [a neqoxec]
 21615 | D:13     | Lost mutation: You have a somewhat thin skeletal structure.
                  | (Dex +2, Stealth+) [a neqoxec]
 21619 | D:13     | Reached skill level 9 in Maces & Flails
 21619 | D:13     | Killed Xuta's ghost
 21636 | D:13     | Lost mutation: You are partially covered in iridescent
                  | scales. (AC +2) [potion of mutation]
 21636 | D:13     | Lost mutation: Your body sometimes deteriorates upon taking
                  | damage. [potion of mutation]
 21636 | D:13     | Lost mutation: You are resistant to electric shocks.
                  | (rElec) [potion of mutation]
 21636 | D:13     | Gained mutation: You are partially covered in iridescent
                  | scales. (AC +2) [potion of mutation]
 21636 | D:13     | Gained mutation: You are partially covered in large bone
                  | plates. (SH +4) [potion of mutation]
 22097 | D:3      | Killed Sigmund
 22605 | D:14     | Found an ornate altar of the Wu Jian Council.
 22645 | D:14     | Reached skill level 10 in Maces & Flails
 23066 | D:14     | Reached skill level 11 in Maces & Flails
 23067 | D:14     | Found a gate to the Vaults.
 23103 | D:14     | Acquired a manual of Maces & Flails
 23190 | D:14     | Noticed Louise
 23197 | D:14     | Killed Louise
 23443 | D:15     | Entered Level 15 of the Dungeon
 23480 | D:15     | Reached XP level 16. HP: 116/130 MP: 20/20
 23481 | D:15     | Reached skill level 12 in Maces & Flails
 23493 | D:15     | Reached skill level 13 in Maces & Flails
 24051 | D:15     | Reached skill level 14 in Maces & Flails
 24272 | D:15     | Reached skill level 15 in Maces & Flails
 24479 | D:15     | Found a staircase to the Depths.
 24486 | D:15     | Reached skill level 16 in Maces & Flails
 25297 | Swamp:1  | Entered Level 1 of the Swamp
 25341 | Swamp:1  | Reached skill level 17 in Maces & Flails
 25402 | Swamp:1  | Reached skill level 18 in Maces & Flails
 25784 | Swamp:1  | You fall into a shaft and drop 1 floor!
 25797 | Swamp:2  | Reached skill level 19 in Maces & Flails
 25822 | Swamp:2  | Found a transporter.
 25824 | Swamp:2  | Noticed turdburglar's ghost (journeyman MiFi)
 26135 | Swamp:2  | Found a transporter.
 26301 | Swamp:2  | Reached skill level 20 in Maces & Flails
 26642 | Swamp:2  | Noticed Aizul
 26653 | Swamp:2  | Killed Aizul
 27377 | Swamp:3  | Identified the +0 chain mail of the Mackerel {Dex+4}
 27824 | Swamp:4  | Entered Level 4 of the Swamp
 27845 | Swamp:4  | Reached XP level 17. HP: 135/135 MP: 21/21
 27873 | Swamp:4  | Noticed Nikola
 27887 | Swamp:4  | Killed Nikola
 27888 | Swamp:4  | Reached skill level 21 in Maces & Flails
 28228 | Swamp:4  | Reached skill level 1 in Evocations
 28247 | Swamp:4  | Noticed Bai Suzhen
 28252 | Swamp:4  | Killed Bai Suzhen
 28255 | Swamp:4  | Got a decaying rune of Zot
 28662 | Swamp:4  | Identified the +4 scale mail "Ixarchete" {Rampage}
 28942 | Swamp:2  | Killed turdburglar's ghost
 29550 | Swamp:1  | Got Ynnuevan's Verses on Stones
 29756 | Snake:1  | Entered Level 1 of the Snake Pit
 30201 | Snake:1  | Found Bujinn's CLEARANCE SALE!.
 30919 | Snake:2  | Reached skill level 15 in Fighting
 30944 | Snake:2  | HP: 7/210 [salamander (6)]
 30946 | Snake:2  | HP: 2/210 [spore (4)]
 30948 | Snake:2  | Killed by an exploding black mamba... ignited by their
                  | inner flame

Illustrated notes

Levels and vault maps discovered:
D:1:      lightli_arrival_statuegarden, layout_loops_corners,
          ebering_ecumenical_altar_webs
D:2:      layout_rooms
D:3:      layout_loops_corners, mainiacjoe_overflow_paths, led_sif_book,
          serial_aquarium, aquarium_bridge_square [aquarium_subvault_bridge,
          aquarium_subvault_bridge, aquarium_subvault_wall,
          aquarium_subvault_window], aquarium_bridge_straight
          [aquarium_subvault_bridge, aquarium_subvault_window,
          aquarium_subvault_bridge, aquarium_subvault_window],
          aquarium_window_1, aquarium_window_1, aquarium_view_2f,
          aquarium_view_2e, aquarium_balcony_3a, uniq_jessica, uniq_sigmund
D:4:      layout_rooms, elyvilon_altar_3, portal_sewer_entry_b, uniq_grinder
D:5:      layout_rooms, minivault_14, uniq_eustachio, uniq_crazy_yiuf_cottage,
          uniq_blork_the_orc
D:6:      layout_basic, tso_oasis_becter, minmay_temple_entry_mini_moons,
          sword_in_stone, uniq_maggie
D:7:      layout_rooms, lightli_temple_of_fire, mainiacjoe_overflow_catwalk,
          lightli_bailey_entry_fortress
D:8:      layout_loops_ring, marbit_many_paths, kennysheep_mini_moat,
          nicolae_overflow_two_pavilions, minitemple
D:9:      layout_irregular_city, david_lair_generic, erik_orc_3, serial_shops,
          nicolae_lakefront_shop, uniq_pikel
D:10:     minmay_firetagon, layout_irregular_city
D:11:     layout_cave_pools
D:12:     layout_roguey, dk_vineyard_1, uniq_maurice, uniq_frances
D:13:     layout_rooms, serial_shops, nicolae_shop_trees,
          gammafunk_ghost_stat_death, uniq_jorgrun, uniq_kirke, uniq_erolcha,
          uniq_lodul
D:14:     layout_basic, grunt_vaults_entry_tiered, nicolae_wu_jian_wuxing_cycle,
          uniq_louise
D:15:     grunt_enter_depths_snipers, layout_loops_corners, special_room
          [special_room_orc], chequers_serial_rivers_micro_d,
          minmay_alternating_orb
Temple:   nicolae_temple_bog_church
Lair:1:   layout_cave_pods, disabler_island, uniq_sonja
Lair:2:   layout_cave_pods
Lair:3:   layout_hall_layers, minmay_swamp_entry_reptiles, dummy_snake_entry,
          portal_ice_cave_demonic_guard
Lair:4:   layout_cave_shapes, slime_entry_1, nicolae_quartered_pool_impasse,
          kennysheep_catoblepas_arena
Lair:5:   cheibrodos_lair_end_hotspot, layout_regular_city
Swamp:1:  layout_falls_marsh, hangedman_swamp_ruin_wall, swamp_pool1,
          nicolae_swamp_bloodsuckers_inc
Swamp:2:  layout_basic_swamp, gammafunk_ghost_mausoleum,
          evilmike_swamp_ruin_house_2, swamp_pool1, wheals_swamp_sinkhole,
          uniq_aizul
Swamp:3:  layout_falls_marsh, evilmike_swamp_ruin_house_1
Swamp:4:  swamp_alternative, layout_basic_swamp, infiniplex_staircase_pool,
          uniq_nikola, uniq_bai_suzhen
Snake:1:  layout_onion, nicolae_shop_clearance
Snake:2:  layout_chambers, nicolae_snake_salamander_fort
Orc:1:    layout_caves, serial_shops, shop, uniq_erica
Orc:2:    st_orc_ogre_mass, layout_caves, gauntlet_entry_generic, serial_shops,
          shop

Skill      XL: |  1  2  3  4  5  6  7  8  9 10 11 12 13 14 15 16 17 |
---------------+----------------------------------------------------+-----
Fighting       | 4 5 6 7 9 10 13 15 | 15.2
Armour         | 4 6 9 12 15 17 18 19 | 19.8
Shields        | 4 5 6 7 8 9 |  9.2
Axes           | 3 4 5 6 8 11 13 15 17 | 17.2
Invocations    | 2 4 6 8 10 | 10.9
Dodging        | 1 2 |  2.6
Throwing       | 1 2 |  2.6
Stealth        | 2 3 |  3.6
Maces & Flails | 11 20 21 | 21.9
Evocations     | 1 |  1.3

Action                   |  1- 3 |  4- 6 |  7- 9 | 10-12 | 13-15 | 16-18 || total
-------------------------+-------+-------+-------+-------+-------+-------++-------
Melee: War axe           |    50 |   170 |   243 |   343 |   421 |       ||  1227
       Headbutt          |     2 |    19 |    54 |    54 |   126 |    81 ||   336
       Unarmed           |       |     3 |       |       |       |       ||     3
       Great mace        |       |       |       |       |   209 |   414 ||   623
Throw: Dart              |       |       |       |     3 |     2 |     3 ||     8
       Boomerang         |       |       |       |    10 |     1 |     2 ||    13
       Javelin           |       |       |       |       |       |     1 ||     1
Invok: Ancestor Life: Ba |       |       |       |     1 |       |       ||     1
       Recall Ancestor   |       |       |       |     1 |     1 |     1 ||     3
Evoke: Wand              |       |       |     2 |     1 |     1 |     8 ||    12
       Lightning rod     |       |       |       |       |     1 |       ||     1
  Use: Potion            |     1 |     6 |     5 |     5 |     4 |     8 ||    29
       Scroll            |       |     3 |     9 |    20 |     8 |     1 ||    41
 Stab: Distracted        |       |       |       |     6 |     9 |     6 ||    21
Armor: Scale mail        |    21 |    86 |   110 |       |       |       ||   217
       Chain mail        |       |       |    26 |       |       |       ||    26
       Plate armour      |       |       |    76 |   243 |   427 |   445 ||  1191
Dodge: Dodged            |    27 |    78 |   160 |    95 |   207 |   209 ||   776
Block: Buckler           |     8 |    41 |    67 |    67 |    99 |       ||   282
       Other             |       |       |       |       |    12 |    61 ||    73
       Kite shield       |       |       |       |       |     7 |       ||     7
